 Dungeon Sprint DCSS version 0.31-a0-7-g51783674b7 (webtiles) character file.

Game seed: 2942125799071780730

966 sircluck the Grappler (level 7, 0/75 (120) HPs)
             Began as a Troll Berserker on May 5, 2023.
             Was a Priest of Trog.
             Slain by Sonja
             ... wielding a +2 short sword of draining
              (6 damage)
             ... in the Dungeon (Sprint I: "Red Sonja").
             The game lasted 00:01:36 (784 turns).

sircluck the Grappler (Troll Berserker)              Turns: 784, Time: 00:01:37

HP:   0/75 (120)    AC:  4    Str: 28    XL:     7   Next: 93%
MP:   6/6           EV: 12    Int:  3    God:    Trog [***...]
Gold: 540           SH:  0    Dex:  9    Spells: 6/6 levels left

rFire   . .          .
                       - Unarmed
rCold   . . .        (no shield)
rNeg    . . .        a - +0 animal skin
rPois   .            (helmet restricted)
rElec   .            (no cloak)
rCorr   .            (gloves unavailable)
SInv    .            (boots unavailable)
Will    +....        (no amulet) Stlth
                     (no ring)
HPRegen 1.12/turn    (no ring)
MPRegen 0.10/turn

%: no teleportation
@: berserking, very heavily drained, very quick
A: large, unfitting armour, claws 3, regeneration 1, shaggy fur 1, tough skin 1,
strong-willed 1
a: Renounce Religion, Berserk, Trog's Hand


You were in the Dungeon.
You worshipped Trog.
Trog was most pleased with you.
You visited 1 branch You collected 540 gold pieces.

Inventory:

Missiles
 j - 6 stones (quivered)
Armour
 a - a +0 animal skin (worn)
Wands
 h - a wand of polymorph (9)
Scrolls
 i - a scroll of identify {unknown}
Potions
 b - a potion of curing
 c - a potion of heal wounds
 d - a potion of haste
 e - 2 potions of magic
 f - a potion of berserk rage


   Skills:
 + Level 8.2 Fighting
 + Level 8.2 Dodging
 + Level 1.4 Stealth
 + Level 11.5 Unarmed Combat
 + Level 0.1 Evocations


You had 6 spell levels left.
You didn't know any spells.
Your spell library was empty.

Dungeon Overview and Level Annotations

Branches:
Dungeon (1/1)

Altars:
Cheibriados
Dithmenos
Elyvilon
Fedhas
Gozag
Hepliaklqana
Kikubaaqudgha
Makhleb
Okawaru
Qazlal
Ru
Sif Muna
Trog
Uskayaw
Vehumet
Wu Jian
Xom
Yredelemnul
Zin
The Shining One
Jiyva
Lugonu

Shops:
D [

Annotations:
D Sonja


Innate Abilities, Weirdness & Mutations

You are too large for most types of armour.
You have claws for hands.
Your natural rate of healing is unusually fast.
You are covered in fur. (AC +1)
You have tough skin. (AC +1)
You are strong-willed. (Will+)


Message History

Sonja hits you with a +2 short sword of draining.
You feel drained.
You closely miss Sonja. Your claw misses Sonja.
Unknown command.
You barely miss Sonja. Sonja barely misses you. x2
Sonja hits you but does no damage.
You feel drained.
Unknown command.
You claw Sonja!
Sonja is moderately wounded.
Sonja hits you with a +2 short sword of draining.
You feel drained.
Sonja hits you with a +2 short sword of draining!
You feel drained.
Sonja hits you with a +2 short sword of draining.
* * * LOW HITPOINT WARNING * * *
You feel drained.
You barely miss Sonja.
Sonja is moderately wounded.
Sonja hits you with a +2 short sword of draining.
* * * LOW HITPOINT WARNING * * *
You feel drained.
* * * LOW HITPOINT WARNING * * *
Sonja hits you with a +2 short sword of draining.
* * * LOW HITPOINT WARNING * * *
You feel drained.
* * * LOW HITPOINT WARNING * * *
Sonja closely misses you.
You closely miss Sonja. Your claw misses Sonja.
Sonja is moderately wounded.
Unknown command.
You claw Sonja!
Sonja is almost dead.
Sonja hits you with a +2 short sword of draining.
* * * LOW HITPOINT WARNING * * *
You feel drained.
Sonja hits you with a +2 short sword of draining.
* * * LOW HITPOINT WARNING * * *
You feel drained.
Sonja hits you with a +2 short sword of draining.
You die...

##########################
#<.#..)..#..'..#__#..'...#
#..').#..').#..'..'..#...#
#..#####'#####'#__####...+
#..# #..#...#.####..#####
#..#__####..##)#§§§.c#
#..#_____##K#_.+§~~.§+
#⌠⌠#_.∩...'@.._#~§§§c#
####_..__##_.#'##'###
#____ ##'#[# )[? ####
#.### ### ... $..# ##.##
#+#


You could see Sonja.

Vanquished Creatures
  A kobold demonologist (D)
  A slime creature (D)
  Sigmund (D)
  A yak (D)
  A floating eye (D)
  An ogre (D)
  A jelly (D)
  Ijyb (D)
8 creatures vanquished.

Notes
Turn   | Place    | Note
-------+----------+-------------------------------------------
     0 | D        | sircluck the Troll Berserker began the quest for the Orb.
     0 | D        | Reached XP level 1. HP: 22/22 MP: 0/0
     1 | D        | Noticed Ijyb
     7 | D        | Killed Ijyb
     8 | D        | Reached skill level 4 in Unarmed Combat
     8 | D        | Reached XP level 2. HP: 31/31 MP: 1/1
   397 | D        | Noticed an ogre
   402 | D        | Killed an ogre
   403 | D        | Reached skill level 6 in Unarmed Combat
   403 | D        | Reached XP level 3. HP: 29/41 MP: 2/2
   403 | D        | Reached XP level 4. HP: 35/49 MP: 3/3
   460 | D        | Noticed Sigmund
   468 | D        | Killed Sigmund
   468 | D        | Reached ** piety under Trog
   469 | D        | Reached skill level 8 in Unarmed Combat
   469 | D        | Reached XP level 5. HP: 55/59 MP: 4/4
   484 | D        | Found an ornate altar of the Wu Jian Council.
   484 | D        | Found a shimmering blue altar of Sif Muna.
   488 | D        | Found a radiant altar of Vehumet.
   492 | D        | Reached XP level 6. HP: 67/68 MP: 5/5
   501 | D        | Found a burning altar of Makhleb.
   501 | D        | Found a viscous altar of Jiyva.
   501 | D        | Found a shimmering altar of Xom.
   501 | D        | Found a corrupted altar of Lugonu.
   501 | D        | Noticed a slime creature
   507 | D        | Killed a slime creature
   508 | D        | Reached skill level 1 in Stealth
   508 | D        | Reached skill level 9 in Unarmed Combat
   544 | D        | Noticed a kobold demonologist
   544 | D        | Noticed a floating eye
   544 | D        | Noticed a kobold demonologist
   545 | D        | Noticed a neqoxec
   547 | D        | Noticed a ynoxinul
   548 | D        | Killed a floating eye
   548 | D        | Reached *** piety under Trog
   549 | D        | Reached XP level 7. HP: 68/78 MP: 6/6
   554 | D        | Gained mutation: You are strong-willed. (Will+) [a neqoxec]
   719 | D        | Found a stormy altar of Qazlal.
   719 | D        | Found a blossoming altar of Fedhas.
   719 | D        | Noticed a yak
   720 | D        | Found a hazy altar of Hepliaklqana.
   720 | D        | Found a hide-covered altar of Uskayaw.
   720 | D        | Noticed a centaur warrior
   721 | D        | Noticed a centaur warrior
   728 | D        | Killed a yak
   729 | D        | Reached skill level 10 in Unarmed Combat
   731 | D        | Noticed a chaos spawn
   735 | D        | Killed a kobold demonologist
   736 | D        | Reached skill level 11 in Unarmed Combat
   765 | D        | Found Valakko's Antique Armour Emporium.
   765 | D        | Found a bloodstained altar of Trog.
   765 | D        | Noticed Sonja
   766 | D        | Found an iron altar of Okawaru.
   766 | D        | Found a sacrificial altar of Ru.
   766 | D        | Found a glowing silver altar of Zin.
   767 | D        | Found an ancient bone altar of Kikubaaqudgha.
   767 | D        | Found a basalt altar of Yredelemnul.
   767 | D        | Found a glowing golden altar of the Shining One.
   767 | D        | Found a snail-covered altar of Cheibriados.
   767 | D        | Found a shadowy altar of Dithmenos.
   767 | D        | Found a white marble altar of Elyvilon.
   768 | D        | Found an opulent altar of Gozag.
   784 | D        | Slain by Sonja

Illustrated notes

Levels and vault maps discovered:
D:        dungeon_sprint_1 [red_sonja_temple_1, red_sonja_temple_small_1]

Skill      XL: |  1  2  3  4  5  6  7 |
---------------+----------------------+-----
Fighting       | 3 4 6 7 8 |  8.2
Dodging        | 3 4 6 7 8 |  8.2
Unarmed Combat | 4 6 8 9 11 | 11.5
Stealth        | 1 |  1.4
Evocations     | |  0.1

Action                     |  1- 3 |  4- 6 |  7- 9 || total
---------------------------+-------+-------+-------++-------
  Melee: Unarmed           |     8 |    17 |    27 ||    52
         Punch             |       |     2 |     1 ||     3
 Invoke: Berserk           |     1 |       |     1 ||     2
  Evoke: Wand              |     1 |       |       ||     1
    Use: Scroll            |       |       |     1 ||     1
 Armour: Skin              |     2 |       |       ||     2
         Animal skin       |     1 |     1 |     7 ||     9
  Dodge: Dodged            |     1 |     6 |    25 ||    32

Table legend: (Time is in decaauts)
 A = Elapsed time spent in this place.
 B = Non-inter-level travel time spent in this place.
 C = Inter-level travel time spent in this place.
 D = Time resting spent in this place.
 E = Time spent auto-exploring this place.
 F = Levels seen in this place.
 G = Mean time per level.
                   A        B        C        D        E       F      G
               +--------+--------+--------+--------+--------+-----+--------+
         Total |    785 |    782 |      3 |    587 |     65 |   1 |  785.0 |
       Dungeon |    785 |    782 |      3 |    587 |     65 |   1 |  785.0 |
               +--------+--------+--------+--------+--------+-----+--------+

Top non-repeatable levels by time:
       D: 785 daAuts
